 Dungeon Crawl Stone Soup version 0.31-a0-806-g0bc164a743 (webtiles) character file.

Game seed: 3676473338225339351

2527 Newt the Spear-Bearer (level 9, -7/73 HPs)
             Began as a Merfolk Gladiator on Sept 20, 2023.
             Was an Initiate of Hepliaklqana.
             Mangled by an orc warrior
             ... wielding a +0 long sword
              (12 damage)
             ... on level 7 of the Dungeon.
             The game lasted 00:06:35 (7258 turns).

Newt the Spear-Bearer (Merfolk Gladiator)           Turns: 7258, Time: 00:06:36

Health: -7/73      AC: 12    Str: 18    XL:     9   Next: 54%
Magic:  4/15       EV: 19    Int:  8    God:    Hepliaklqana [......]
Gold:   349        SH:  0    Dex: 15    Spells: 16/16 levels left

rFire   . . .        a - +1 trident
rCold   . . .        (no shield)
rNeg    . . .        E - +0 steam dragon scales
rPois   .            c - +0 helmet
rElec   .            (no cloak)
rCorr   .            x - +1 pair of gloves {infuse}
SInv    .            (no boots)
Will    .....        (no amulet)
Stlth   +            B - +5 ring of evasion
HPRegen 0.32/turn    o - +4 ring of protection
MPRegen 0.14/turn

%: infuse magic (1 MP)
@: lethally poisoned (-7 -> -14)
A: (nimble swimmer 2), mertail
a: Renounce Religion


You were on level 7 of the Dungeon.
You worshipped Hepliaklqana.
Hepliaklqana was noncommittal.
You visited 2 branches of the dungeon, and saw 9 of its levels.
You also visited: Ossuary.

You collected 489 gold pieces.
You spent 140 gold pieces at shops.

Inventory:

Hand Weapons
 a - a +1 trident (weapon)
Missiles
 d - 3 throwing nets (quivered)
 e - a javelin
Armour
 b - a +0 leather armour
 c - a +0 helmet (worn)
 p - a +0 pair of gloves
 x - a +1 pair of gloves of infusion (worn)
 E - +0 steam dragon scales (worn)
Jewellery
 h - a ring of positive energy
 j - a ring of ice
 o - a +4 ring of protection (right hand)
 s - a +6 ring of intelligence
 z - a +6 ring of intelligence
 B - a +5 ring of evasion (left hand)
 D - a ring of positive energy
 H - a ring of poison resistance
Wands
 C - a wand of charming (10)
 F - a wand of polymorph (7)
 I - a wand of flame (26)
Scrolls
 k - 2 scrolls of teleportation
 r - 2 scrolls of silence
 t - 2 scrolls of immolation
 y - 2 scrolls of poison
 G - a scroll of enchant weapon
Potions
 f - 5 potions of curing
 g - a potion of mutation {unknown}
 i - 3 potions of magic {unknown}
 l - 2 potions of heal wounds
 m - a potion of attraction {unknown}
 n - 2 potions of haste {unknown}
 q - a potion of cancellation {unknown}
 u - a potion of invisibility
 v - 2 potions of lignification {unknown}
 w - a potion of brilliance {unknown}
 A - a potion of berserk rage {unknown}


   Skills:
 + Level 7.7 Fighting
 - Level 10.0 Polearms
 - Level 2.0 Throwing
 - Level 6.0 Dodging
 - Level 4.4 Spellcasting
 - Level 5.0 Evocations


You had 16 spell levels left.
You didn't know any spells.
Your spell library contained the following spells:

 Spells                   Type           Power      Damage    Failure   Level
 Ensorcelled Hibernation  Hex/Ice        2%         N/A       38%         2
 Jinxbite                 Hex            2%         N/A       38%         2
 Anguish                  Hex/Necr       0%         N/A       95%         4
 Animate Armour           Summ/Erth      2%         N/A       95%         4
 Summon Lightning Spire   Summ/Air       1%         N/A       95%         4
 Iskenderun's Battlesphe  Conj           1%         2d6       100%        5
 Lee's Rapid Deconstruct  Erth           0%         3d4*      100%        5
 Leda's Unmaking          Conj/Erth      0%         9d1       100%        6
 Spellforged Servitor     Conj/Summ      0%         N/A       100%        7


Dungeon Overview and Level Annotations

Branches:
Dungeon (8/15)             Temple (1/1) D:6         Ossuary (visited)
   Lair: D:8-11

Altars:
Ashenzari
Dithmenos
Elyvilon
Hepliaklqana
Kikubaaqudgha
Makhleb
Nemelex Xobeh
Okawaru
Qazlal
Ru
Sif Muna
Trog
Uskayaw
Vehumet
Wu Jian
Xom
Yredelemnul
Zin
The Shining One

Shops:
D:4 *


Innate Abilities, Weirdness & Mutations

((You are very nimble when in or above water. (Stealth+, EV+, Speed+++)))
Your lower body shifts to a powerful aquatic tail in water.


Message History

You are more poisoned.
The kobold misses you.
Unknown command.
You hit the kobold.
The kobold is heavily wounded.
You feel very sick. The kobold misses you. The orc warrior closely misses you.
The kobold hits you but does no damage.
You are more poisoned.
The kobold barely misses you.
You hit the kobold.
You kill the kobold!
You feel very sick. The kobold hits you but does no damage.
The orc warrior hits you with a +0 long sword.
* * * LOW HITPOINT WARNING * * *
The kobold misses you.
You barely miss the kobold.
* * * LOW HITPOINT WARNING * * *
You feel very sick.
Unknown command.
You barely miss the kobold.
* * * LOW HITPOINT WARNING * * *
You feel very sick. The kobold completely misses you.
The orc warrior closely misses you. The kobold misses you.
Unknown command.
You puncture the kobold!
You kill the kobold!
* * * LOW HITPOINT WARNING * * *
You feel very sick. The kobold closely misses you.
The orc warrior hits you with a +0 long sword.
* * * LOW HITPOINT WARNING * * *
You puncture the kobold!
You kill the kobold!
* * * LOW HITPOINT WARNING * * *
You feel sick.
The orc warrior hits you with a +0 long sword!
You die...

#...##
#......#....##
#....... #...#
###..##...###
#....... #...#
#.##...## #.......
##...##### #.#...##
#.......
#...)##..###....##
#.......
##....#.........###
#.......
#........[........##
#.......
#...............o..#
#...####
...............)@)##
#####...#
................))#
#......###
..................#
##........###
..................#
#............
.................##
#............
.................#
##............
.................#
#.............
.......>........##
#.............
....[........)..#
##.......(.....


You could see an orc warrior.

Vanquished Creatures
  A kobold demonologist (D:7)
  2 steam dragons
  A water moccasin (D:5)
  2 black bears
  3 sky beasts (D:7)
  3 ogres (D:5)
  2 phantoms
  2 kobold brigands
  2 scorpions
  A jelly (D:7)
  2 orc priests (D:7)
  2 sleepcaps (D:6)
  2 hounds
  Terence (D:3)
  Jessica (D:2)
  Natasha (thrice) (D:3)
  6 iguanas
  An orc wizard (D:6)
  2 mummies (Ossuary)
  7 adders
  2 shadow imps
  2 white imps
  3 adder zombies (Ossuary)
  3 worms
  3 dart slugs (D:2)
  12 orcs
  11 bats
  4 endoplasms
  6 giant cockroaches
  7 goblins
  A hobgoblin (D:3)
  2 quokkas
  5 ball pythons
  4 frilled lizards
  2 goblin zombies (Ossuary)
  7 hobgoblin zombies (Ossuary)
  2 jackal zombies (Ossuary)
  29 kobolds
  14 kobold zombies (Ossuary)
  6 orc zombies (Ossuary)
  5 rats
  3 rat zombies (Ossuary)
179 creatures vanquished.

Notes
Turn   | Place    | Note
-------+----------+-------------------------------------------
     0 | D:1      | Newt the Merfolk Gladiator began the quest for the Orb.
     0 | D:1      | Reached XP level 1. HP: 16/16 MP: 1/1
   155 | D:1      | Reached XP level 2. HP: 23/23 MP: 2/2
   671 | D:2      | Reached XP level 3. HP: 30/30 MP: 3/3
   871 | D:2      | Noticed Jessica
   880 | D:2      | Killed Jessica
   881 | D:2      | Reached skill level 5 in Polearms
   881 | D:2      | Reached XP level 4. HP: 36/37 MP: 4/4
  1435 | D:2      | Reached skill level 6 in Polearms
  1435 | D:2      | Reached XP level 5. HP: 39/42 MP: 5/5
  1748 | D:3      | Noticed Terence
  1754 | D:3      | Killed Terence
  1803 | D:3      | Noticed Natasha
  1807 | D:3      | Killed Natasha
  1808 | D:3      | Reached skill level 7 in Polearms
  1821 | D:3      | Noticed Natasha
  1835 | D:3      | Killed Natasha
  1836 | D:3      | Reached XP level 6. HP: 16/48 MP: 6/6
  1911 | D:3      | Noticed Natasha
  1921 | D:3      | Killed Natasha
  2425 | D:4      | Identified the +0 whip "Newtslayer" {drain, rN++ rCorr
                  | Int+4}
  2668 | D:4      | Reached skill level 8 in Polearms
  2723 | D:4      | Found Hunkysag's General Store.
  2731 | D:4      | Bought a scroll of identify for 28 gold pieces
  2731 | D:4      | Bought a potion of invisibility for 112 gold pieces
  3103 | D:5      | Entered Level 5 of the Dungeon
  3189 | D:5      | Found a sand-covered staircase.
  3201 | D:5      | Reached skill level 9 in Polearms
  3205 | Ossuary  | Entered an ossuary
  3494 | Ossuary  | Reached XP level 7. HP: 54/54 MP: 7/7
  3994 | D:5      | Reached skill level 10 in Polearms
  3994 | D:5      | Reached skill level 5 in Dodging
  4269 | D:5      | Reached skill level 1 in Spellcasting
  4433 | D:5      | Reached XP level 8. HP: 60/60 MP: 5/12
  4788 | D:6      | Found a burning altar of Makhleb.
  4796 | D:6      | Found an ornate altar of the Wu Jian Council.
  5833 | D:6      | Found a staircase to the Ecumenical Temple.
  5848 | Temple   | Entered the Ecumenical Temple
  5853 | Temple   | Became a worshipper of Hepliaklqana the Forgotten
  6063 | D:7      | Reached skill level 5 in Evocations
  6063 | D:7      | Reached XP level 9. HP: 61/65 MP: 9/15
  6216 | D:7      | Noticed a kobold demonologist
  6228 | D:7      | Killed a kobold demonologist
  6229 | D:7      | Reached skill level 5 in Fighting
  7258 | D:7      | Mangled by an orc warrior

Illustrated notes

Levels and vault maps discovered:
D:1:      eino_arrival_druids_welcome, layout_basic
D:2:      layout_basic, grunt_decor_cap, st_stairs_7,
          chequers_serial_rivers_small_3, uniq_jessica
D:3:      layout_basic, uniq_natasha, uniq_terence
D:4:      layout_basic, serial_shops, shop
D:5:      layout_gridville, enter_ossuary_1
D:6:      layout_loops_ring, mainiacjoe_overflow_catwalk_spiral,
          minmay_temple_entry_butterflies, st_stairs_8,
          grunt_decor_mini_mirrors, chequers_serial_rivers_large_b
D:7:      layout_cave_pods
D:8:      layout_cave_pools, mainiacjoe_overflow_catwalk
Temple:   nicolae_temple_bog_church

Skill      XL: |  1  2  3  4  5  6  7  8  9 |
---------------+----------------------------+-----
Fighting       | 4 7 |  7.7
Polearms       | 5 6 7 9 10 | 10.0
Dodging        | 6 |  6.0
Spellcasting   | 2 4 |  4.4
Evocations     | 5 |  5.0
Throwing       | |  2.0

Action                     |  1- 3 |  4- 6 |  7- 9 || total
---------------------------+-------+-------+-------++-------
  Melee: Trident           |    72 |   213 |   385 ||   670
         Punch             |     1 |     3 |     7 ||    11
    Use: Scroll            |     1 |     6 |     2 ||     9
         Potion            |       |     1 |       ||     1
   Stab: Sleeping          |     3 |     5 |     1 ||     9
         Distracted        |       |     1 |       ||     1
 Armour: Leather armour    |    35 |    58 |    59 ||   152
         Steam dragon scal |       |       |    85 ||    85
         Skin              |       |       |     3 ||     3
  Dodge: Dodged            |    33 |    77 |   247 ||   357

Table legend: (Time is in decaauts)
 A = Elapsed time spent in this place.
 B = Non-inter-level travel time spent in this place.
 C = Inter-level travel time spent in this place.
 D = Time resting spent in this place.
 E = Time spent auto-exploring this place.
 F = Levels seen in this place.
 G = Mean time per level.
                   A        B        C        D        E       F      G
               +--------+--------+--------+--------+--------+-----+--------+
         Total |   7145 |   6964 |    181 |   1040 |   4750 |  10 |  714.5 |
       Dungeon |   6663 |   6483 |    180 |    894 |   4595 |   8 |  832.9 |
        Temple |     10 |     10 |      0 |      0 |      0 |   1 |   10.0 |
       Ossuary |    470 |    470 |      0 |    146 |    155 |   1 |  470.0 |
               +--------+--------+--------+--------+--------+-----+--------+

Top non-repeatable levels by time:
     D:7: 1204 daAuts
     D:5: 1174 daAuts
     D:6: 1171 daAuts
     D:2: 957 daAuts
     D:4: 772 daAuts
     D:3: 705 daAuts
     D:1: 663 daAuts
 Ossuary: 470 daAuts
     D:8: 14 daAuts
  Temple: 10 daAuts
